 Dungeon Crawl Stone Soup version 0.16.1-12-gf5c4a84 (webtiles) character file.

65 Huymann the Magician (level 3, -3/19 HPs)
             Began as a Deep Elf Fire Elementalist on Apr 9, 2015.
             Slain by a worker ant (7 damage)
             ... on level 3 of the Dungeon.
             The game lasted 00:14:19 (2637 turns).

Huymann the Magician (Deep Elf Fire Elementalist)   Turns: 2637, Time: 00:14:19

Health: -3/19      AC:  2    Str:  6    XL:     3   Next: 94%
Magic:  6/12       EV: 13    Int: 19    God:
Gold:   63         SH:  0    Dex: 15    Spells: 4 memorised, 1 level left

rFire  . . .     SeeInvis .     l - +0 dagger
rCold  . . .     Clarity  .     a - +0 robe
rNeg   . . .     SustAb   .     (no shield)
rPois  .         Gourm    .     (no helmet)
rElec  .         Spirit   .     (no cloak)
rCorr  .         Warding  .     (no gloves)
rMut   .         Stasis   .     (no boots)
MR     .....                    (no amulet)
Stlth  ++........               (no ring)
                                (no ring)

@: very slightly contaminated, not resistant to hostile enchantments, unstealthy
A: no striking features
a: no special abilities


You were on level 3 of the Dungeon.
You were very hungry.

You visited 1 branch of the dungeon, and saw 4 of its levels.

You collected 63 gold pieces.

Inventory:

Hand weapons
 j - a +0 short sword
 l - a +0 dagger (weapon)
Missiles
 e - 50 arrows
 n - 15 poisoned needles
Armour
 a - a +0 robe (worn)
Scrolls
 d - a scroll of identify
 f - a scroll of remove curse {unknown}
 m - a scroll of teleportation {unknown}
 r - 2 scrolls of recharging {unknown}
Potions
 h - 2 potions of ambrosia
 i - a potion of mutation {unknown}
 o - a potion of haste {unknown}
 q - a potion of brilliance {unknown}
 t - a potion of degeneration {unknown}
 u - a potion of flight {unknown}
Books
 b - a book of Flames

   Spells                             Type                      Level
   a - Flame Tongue                   Conjuration/Fire             1
   b - Throw Flame                    Conjuration/Fire             2
   c - Conjure Flame                  Conjuration/Fire             3
   d - Inner Flame                    Hexes/Fire                   3
   e - Sticky Flame                   Conjuration/Fire             4
   f - Fireball                       Conjuration/Fire             5
Comestibles
 c - a bread ration
 k - a meat ration
 p - 4 fruits
 s - a beef jerky


   Skills:
 + Level 0.2 Fighting
 + Level 0.2 Short Blades
 + Level 2.8 Dodging
 * Level 3.1 Stealth
 * Level 4.0 Spellcasting
 * Level 1.9 Conjurations
 + Level 3.7 Fire Magic


You had one spell level left.
You knew the following spells:

 Your Spells              Type           Power        Failure   Level  Hunger
a - Flame Tongue          Conj/Fire      ##...        6%          1    None
b - Throw Flame           Conj/Fire      ##....       10%         2    ##.....
c - Conjure Flame         Conj/Fire      ##......     14%         3    ###....
d - Inner Flame           Hex/Fire       ##......     21%         3    ###....


Dungeon Overview and Level Annotations

Branches:
Dungeon (4/15)
 Temple: D:4-7

Altars:

Annotations:
D:2 Sigmund
D:4 Edmund


Message History

The worker ant barely misses you.
Drink which item? (? for menu, Esc to quit)
It was a potion of curing.
You feel better. The worker ant bites you.
* * * LOW HITPOINT WARNING * * *
Casting: Flame Tongue
Confirm with . or Enter, or press ? or * to list all spells.
Aiming: Flame Tongue
Press: ? - help, Shift-Dir - straight line, f/p - worker ant
Aim: a worker ant (moderately wounded)
The flame tongue misses the worker ant.
The worker ant closely misses you. The worker ant barely misses you.
Casting: Flame Tongue
Confirm with . or Enter, or press ? or * to list all spells.
Aiming: Flame Tongue
Press: ? - help, Shift-Dir - straight line, f/p - worker ant
Aim: a worker ant (moderately wounded)
The flame tongue hits the worker ant.
The worker ant is heavily wounded.
The worker ant bites you!
You die...

####### ###.....#
#.......#
#.......#
#####....#########
....+....'.....a@#
#####....#########
.......###
######.# ######.#
.......# ########
# #


You could see a worker ant.

Vanquished Creatures
  An adder (D:3)
  2 worms (D:3)
  A giant gecko (D:3)
  2 oozes (D:1)
  2 orcs (D:3)
  3 bats
  5 giant cockroaches
  9 hobgoblins
  A jackal (D:3)
  A quokka (D:3)
  2 giant newts (D:3)
  6 goblins
  7 kobolds
  5 rats
47 creatures vanquished.

Notes
Turn   | Place    | Note
--------------------------------------------------------------
     0 | D:1      | Huymann, the Deep Elf Fire Elementalist, began the quest for the Orb.
     0 | D:1      | Reached XP level 1. HP: 10/10 MP: 5/5
   407 | D:1      | Reached XP level 2. HP: 15/15 MP: 6/8
  1270 | D:1      | Learned a level 2 spell: Throw Flame
  1317 | D:2      | Reached XP level 3. HP: 19/19 MP: 11/11
  1332 | D:2      | Noticed Sigmund
  1752 | D:3      | Learned a level 3 spell: Conjure Flame
  1756 | D:3      | Learned a level 3 spell: Inner Flame
  1981 | D:3      | Reached skill level 4 in Spellcasting
  2625 | D:4      | Noticed Edmund
  2637 | D:3      | Slain by a worker ant

Action                   || total
-------------------------++-------
Melee: Short sword       ||     8
       Dagger            ||    92
 Cast: Flame Tongue      ||    79
       Inner Flame       ||     2
       Conjure Flame     ||     1
  Use: Scroll            ||     1
       Potion            ||     1
 Stab: Sleeping          ||     4
       Distracted        ||     1
  Eat: Chunk             ||     4
